Map: Port Aleksander LE

Players

Lambo - Winner!

  • Race: Zerg Zerg
  • League: Grandmaster
  • Spawn Location: 11:00

soul

  • Race: Terran Terran
  • League: Grandmaster
  • Spawn Location: 5:00

VOD

Have the link to the VOD?

Description

Time

  • Played on: Dec. 20, 2018, 10:29 a.m.
  • Length: 19:55
Show
View Real Time Build Order
Export as new Build Order

Lambo Zerg - Winner!

Build Orders: Hatch First, Swarm Host 

Get SALT Encoding   

  12  0:01  Drone  
  13  0:14  Overlord  
  13  0:18  Drone  
  14  0:33  Drone x2  
  16  0:50  Hatchery  
  16  0:53  Drone  
  16  0:56  Drone  
  17  1:00  Drone  
  18  1:11  Extractor  
  17  1:15  Spawning Pool  
  16  1:18  Drone  
  16  1:21  Drone  
  18  1:29  Drone  
  19  1:45  Drone  
  20  1:52  Overlord  
  20  2:02  Queen x2  
  20  2:03  Zergling x4  
  26  2:10  Metabolic Boost  
  26  2:13  Drone  
  26  2:15  Drone  
  28  2:23  Drone  
  28  2:24  Drone  
  30  2:43  Hatchery  
  29  2:46  Drone  
  29  2:49  Pneumatized Carapace  
  30  2:53  Drone  
  30  2:56  Drone  
  32  3:01  Overlord  
  32  3:03  Drone  
  33  3:06  Drone  
  34  3:14  Drone x2  
  34  3:19  Queen, Overlord  
  38  3:22  Drone  
  38  3:25  Drone  
  40  3:32  Queen  
  42  3:34  Drone x2  
  44  3:41  Drone x2  
  44  3:43  Zergling x2  
  44  3:47  Baneling Nest  
  46  3:50  Drone x3  
  46  3:52  Drone  
  51  3:55  Queen  
  51  3:58  Overlord  
  51  4:02  Queen  
  55  4:05  Overlord  
  55  4:07  Drone  
  55  4:09  Drone  
  57  4:12  Drone  
  57  4:16  Overlord  
  58  4:18  Drone x2  
  58  4:20  Overlord  
  58  4:21  Drone  
  61  4:24  Drone  
  61  4:25  Drone  
  61  4:30  Roach Warren  
  63  4:31  Drone x2  
  63  4:35  Drone x2  
  66  4:40  Queen  
  66  4:44  Lair  
  66  4:45  Drone  
  69  4:48  Drone x3  
  69  4:49  Drone  
  73  4:55  Extractor, Drone x2  
  73  4:56  Spore Crawler, Extractor  
  73  4:59  Queen  
  74  5:00  Drone  
  74  5:03  Spore Crawler  
  74  5:05  Spore Crawler  
  73  5:08  Drone x4  
  73  5:10  Overlord  
  78  5:14  Zergling x4  
  78  5:16  Overlord  
  78  5:17  Roach  
  78  5:21  Spore Crawler  
  79  5:24  Drone x2  
  79  5:25  Roach x2  
  81  5:40  Drone x8  
  87  5:43  Drone  
  87  5:49  Evolution Chamber  
  87  5:50  Spire, Drone  
  87  5:54  Drone  
  88  5:57  Overlord  
  88  5:58  Drone x2  
  88  5:59  Glial Reconstitution  
  88  6:00  Extractor  
  88  6:01  Extractor  
  88  6:02  Roach  
  90  6:09  Extractor, Drone x2  
  89  6:12  Drone x2  
  89  6:14  Roach x3  
  89  6:15  Zerg Missile Weapons Level 1  
  98  6:18  Drone x2  
  98  6:19  Drone  
  98  6:20  Drone  
  98  6:24  Overlord  
  101  6:26  Overlord  
  101  6:30  Drone  
  102  6:37  Overlord  
  102  6:39  Overlord  
  102  6:40  Roach  
  102  6:42  Overlord  
  104  6:50  Overlord  
  104  6:52  Overlord  
  104  6:54  Hatchery  
  103  6:57  Overlord  
  103  6:59  Roach x3  
  103  7:00  Overlord  
  109  7:05  Corruptor x5  
  125  7:24  Overlord  
  125  7:27  Roach  
  131  7:30  Roach x2, Zergling x6  
  132  7:38  Roach x7  
  132  7:43  Roach x2  
  146  7:45  Ravager x3  
  149  7:51  Roach  
  149  7:52  Roach x4  
  149  7:54  Ravager x2  
  149  7:58  Roach  
  162  7:59  Overlord x2  
  162  8:05  Overlord, Ravager  
  156  8:08  Roach x2  
  156  8:11  Roach x2  
  154  8:17  Roach, Infestation Pit  
  151  8:20  Roach x3  
  151  8:22  Roach  
  151  8:23  Roach x4  
  151  8:25  Roach x2  
  151  8:26  Roach  
  166  8:34  Roach x2  
  170  8:41  Roach  
  170  8:46  Roach x3  
  170  8:47  Hatchery  
  163  8:51  Roach x7  
  162  9:06  Overlord  
  158  9:10  Overlord  
  156  9:19  Swarm Host x4  
  156  9:20  Swarm Host x4  
  180  9:28  Swarm Host  
  180  9:30  Ravager  
  184  9:37  Swarm Host x2  
  190  9:43  Extractor  
  190  9:45  Swarm Host  
  189  9:48  Hatchery  
  189  9:49  Drone x3  
  189  9:50  Drone x4  
  189  9:51  Extractor  
  189  9:52  Swarm Host  
  200  9:58  Swarm Host  
  200  9:59  Swarm Host  
  200  10:17  Spine Crawler  
  199  10:21  Hive  
  199  10:22  Zerg Flyer Armor Level 1  
  199  10:25  Ravager  
  188  10:38  Corruptor x4  
  188  10:41  Corruptor  
  190  10:51  Corruptor x2  
  190  10:57  Hatchery  
  193  10:58  Drone x7  
  193  11:03  Zerg Missile Weapons Level 2  
  200  11:06  Evolution Chamber  
  200  11:11  Overlord  
  199  11:12  Extractor  
  199  11:13  Extractor  
  183  11:25  Roach, Ravager x3  
  179  11:26  Roach x10  
  179  11:32  Roach x3  
  193  11:35  Corruptor  
  189  11:40  Corruptor  
  189  11:44  Corruptor  
  193  11:47  Corruptor  
  193  11:51  Ravager  
  193  11:52  Corruptor  
  198  11:57  Drone x2  
  200  12:16  Zerg Ground Armor Level 1  
  200  12:17  Greater Spire  
  187  12:32  Roach x4  
  187  12:33  Roach x4  
  187  12:34  Corruptor x4  
  187  12:38  Corruptor x2  
  173  12:45  Swarm Host x3  
  173  12:50  Corruptor  
  182  12:57  Roach x5  
  184  13:04  Roach x3  
  183  13:07  Swarm Host x2  
  183  13:10  Ravager x2  
  191  13:15  Corruptor  
  191  13:19  Ravager x3  
  192  13:22  Corruptor  
  192  13:26  Roach  
  192  13:27  Roach x3  
  199  13:37  Roach x3  
  200  13:41  Zerg Melee Weapons Level 1  
  200  13:42  Zerg Flyer Weapons Level 1  
  200  13:46  Infestor  
  196  13:54  Drone x4  
  200  13:55  Spine Crawler  
  200  13:57  Spore Crawler  
  200  13:58  Ravager  
  199  14:08  Pathogen Glands  
  199  14:19  Burrow  
  195  14:36  Corruptor x6  
  199  14:44  Zerg Missile Weapons Level 3  
  199  15:05  Neural Parasite  
  192  15:31  Corruptor x4  
  192  15:32  Corruptor x2  
  196  15:46  Corruptor x3  
  194  15:50  Infestor x4  
  200  16:08  Spine Crawler  
  197  16:49  Brood Lord  
  197  16:50  Brood Lord x3  
  195  16:56  Brood Lord x2  
  199  17:12  Spire  
  199  17:13  Spine Crawler  
  199  17:14  Zerg Flyer Armor Level 2, Zerg Melee Weapons Level 2  
  197  17:16  Infestor  
  199  17:23  Overlord  
  199  17:28  Extractor  
  193  17:32  Corruptor x13  
  193  17:34  Infestor  
  193  17:36  Drone x3  
  195  17:37  Drone x5  
  195  17:38  Overlord x2  
  195  17:39  Corruptor x3  
  195  17:43  Brood Lord  
  188  17:48  Drone  
  188  17:49  Drone x3  
  192  18:03  Extractor  
  191  18:08  Corruptor x4  
  189  18:17  Corruptor x3  
  187  18:22  Corruptor  
  181  18:32  Drone x5  
  181  18:33  Drone  
  185  18:37  Corruptor  
  185  18:38  Corruptor x2  
  191  18:45  Drone x3  
  194  18:48  Spore Crawler  
  194  18:49  Infestor  
  188  19:04  Corruptor x2  
  188  19:08  Roach  
  188  19:09  Roach x5  
  179  19:25  Corruptor x2  
  179  19:26  Corruptor x2  
  181  19:32  Roach x9  
Show
View Real Time Build Order
Export as new Build Order

soul Terran 

Build Orders: Gas First Reaper Expand, Mech 

Get SALT Encoding   

  12  0:00  SCV  
  13  0:13  SCV  
  14  0:17  Supply Depot  
  14  0:25  SCV  
  15  0:28  Refinery  
  15  0:39  SCV  
  16  0:46  Barracks  
  16  0:51  SCV  
  17  1:03  SCV  
  18  1:15  SCV  
  19  1:33  Reaper, Orbital Command  
  20  1:45  Command Center  
  20  1:55  Factory  
  20  1:59  SCV  
  21  2:07  Barracks Reactor  
  21  2:11  SCV  
  21  2:12  Refinery  
  22  2:19  Supply Depot  
  22  2:23  SCV  
  23  2:40  SCV  
  23  2:44  Starport  
  24  2:50  Hellion  
  24  2:51  Hellion  
  28  2:53  SCV  
  28  2:57  Orbital Command  
  29  3:00  Marine  
  29  3:05  SCV  
  31  3:12  Hellion  
  33  3:13  Hellion  
  35  3:23  Fusion Core  
  35  3:24  SCV  
  35  3:26  SCV  
  37  3:29  Marine  
  38  3:36  SCV  
  38  3:37  Supply Depot  
  38  3:38  Starport Tech Lab  
  38  3:40  SCV  
  40  3:48  SCV  
  40  3:52  SCV  
  46  4:00  Supply Depot  
  46  4:01  SCV  
  47  4:04  SCV  
  44  4:10  Battlecruiser  
  44  4:13  SCV  
  44  4:14  Hellion  
  44  4:16  SCV  
  54  4:21  Hellion  
  54  4:23  Supply Depot  
  56  4:25  SCV  
  56  4:27  Refinery  
  56  4:28  SCV  
  56  4:30  Refinery  
  58  4:37  SCV  
  59  4:40  Factory, SCV  
  60  4:46  Factory  
  60  4:49  SCV  
  60  4:50  Barracks Tech Lab  
  60  4:52  SCV, Supply Depot  
  62  5:01  SCV  
  63  5:08  Command Center  
  63  5:11  SCV  
  62  5:16  SCV  
  63  5:21  Armory  
  63  5:23  SCV  
  63  5:24  Armory  
  63  5:28  Starport Tech Lab  
  64  5:33  Cyclone  
  67  5:38  SCV  
  67  5:42  SCV  
  69  5:49  Hellion, Cyclone  
  76  5:50  Hellion, Mag-Field Accelerator  
  76  5:52  Supply Depot  
  76  5:55  Supply Depot  
  76  5:56  SCV  
  77  6:01  SCV  
  78  6:08  SCV, Cyclone  
  82  6:12  Terran Vehicle Weapons Level 1  
  82  6:17  SCV  
  83  6:20  SCV, Terran Vehicle And Ship Armor Level 1  
  83  6:21  Cyclone  
  87  6:28  Hellion  
  87  6:29  SCV  
  87  6:32  SCV  
  91  6:39  Supply Depot  
  91  6:40  Supply Depot  
  91  6:41  SCV  
  91  6:42  Cyclone  
  91  6:44  SCV  
  96  6:48  Infernal Pre-Igniter  
  96  6:56  Orbital Command  
  96  6:58  SCV  
  96  7:00  SCV  
  98  7:05  Cyclone  
  101  7:10  SCV  
  101  7:12  SCV  
  101  7:14  Refinery x2, Cyclone  
  101  7:15  Supply Depot  
  106  7:17  Supply Depot  
  106  7:22  Hellion x2  
  110  7:23  SCV x2  
  110  7:24  SCV  
  112  7:35  SCV x2  
  112  7:36  SCV  
  115  7:37  Siege Tank  
  118  7:45  Engineering Bay  
  118  7:46  Siege Tank  
  118  7:47  SCV x2  
  118  7:50  SCV  
  128  7:58  Hellion x2  
  128  8:02  Factory, Supply Depot  
  128  8:03  Supply Depot  
  128  8:04  Factory  
  128  8:06  SCV  
  127  8:14  Siege Tank  
  127  8:17  Command Center  
  130  8:20  Siege Tank  
  130  8:21  Hellion  
  130  8:24  Battlecruiser  
  139  8:33  Hellion  
  124  8:42  Hellion  
  124  8:46  Siege Tank  
  123  8:53  Siege Tank  
  123  8:54  Hellion  
  116  9:04  Hellion  
  116  9:05  Factory Tech Lab x2  
  116  9:06  SCV  
  116  9:13  Weapon Refit  
  116  9:15  SCV  
  116  9:16  Hellion  
  119  9:18  Siege Tank  
  125  9:24  Missile Turret  
  125  9:25  Missile Turret, Siege Tank  
  125  9:28  Cyclone  
  131  9:41  Refinery  
  131  9:44  Hellion  
  133  9:48  Refinery  
  133  9:55  Battlecruiser  
  133  9:56  Planetary Fortress, Command Center  
  136  10:01  Terran Ship Weapons Level 1  
  136  10:03  Hellion  
  138  10:08  Terran Vehicle And Ship Armor Level 2  
  138  10:14  Sensor Tower  
  138  10:16  SCV x2  
  138  10:17  Missile Turret  
  138  10:19  Missile Turret  
  140  10:22  Neosteel Armor  
  140  10:33  Siege Tank  
  140  10:34  Hellion  
  143  10:37  Siege Tank x2  
  143  10:38  Hellion  
  143  10:40  Hellion  
  144  10:55  Hellion  
  146  10:58  Hellion x6  
  146  10:59  Hellion, Battlecruiser  
  156  11:06  Supply Depot  
  156  11:07  Supply Depot  
  160  11:17  Command Center  
  148  11:48  Hellion, Cyclone x4  
  148  11:49  Hellion  
  148  11:53  Planetary Fortress  
  144  11:59  SCV x3  
  144  12:01  Sensor Tower  
  145  12:08  Terran Vehicle Weapons Level 2  
  145  12:10  Hellion x2  
  145  12:11  SCV  
  145  12:12  SCV x2  
  152  12:20  Hellion x3, Cyclone  
  161  12:23  SCV  
  162  12:31  Hellion  
  148  12:41  Cyclone x3  
  147  12:52  Cyclone  
  135  13:06  Hellion  
  135  13:11  SCV  
  138  13:13  Planetary Fortress, Cyclone x3  
  138  13:15  Command Center  
  138  13:17  SCV  
  148  13:20  Hellion  
  148  13:24  Cyclone  
  148  13:25  Starport  
  153  13:28  Starport  
  153  13:29  SCV  
  154  13:39  Hellion  
  154  13:40  SCV  
  137  13:41  Hellion  
  137  13:45  Cyclone x3  
  137  13:48  Battlecruiser  
  154  13:55  Terran Vehicle And Ship Armor Level 3  
  154  13:57  Hellion  
  154  14:00  Hellion  
  154  14:01  Starport Reactor  
  158  14:03  Starport Reactor  
  158  14:06  Advanced Ballistics  
  158  14:16  Hellion  
  160  14:31  Cyclone  
  160  14:35  Hellion  
  160  14:36  SCV x2  
  160  14:37  SCV x2  
  153  14:38  Hellion  
  153  14:43  Hellion  
  153  14:45  Viking  
  161  14:48  SCV x2  
  161  14:49  SCV x3  
  161  14:51  Viking x2  
  172  15:05  Siege Tank x3  
  172  15:06  Hellbat x2, Siege Tank  
  177  15:08  Viking  
  179  15:14  Raven  
  179  15:15  Viking  
  180  15:28  Hellbat, Hellion  
  173  15:36  SCV x5  
  180  15:45  Liberator  
  180  15:46  Liberator x4  
  180  15:48  SCV x5  
  181  16:00  SCV x2  
  186  16:08  Orbital Command  
  186  16:15  Refinery  
  186  16:16  Refinery, Command Center  
  186  16:18  Command Center  
  184  16:22  Missile Turret  
  184  16:24  Hellion  
  182  16:28  Liberator x2  
  182  16:31  Liberator  
  178  16:37  Refinery  
  178  16:38  Missile Turret, Sensor Tower  
  178  16:39  Missile Turret  
  178  16:40  Liberator  
  188  17:03  Cyclone  
  183  17:13  Hellion  
  183  17:14  Hellion x4  
  193  17:30  Missile Turret  
  193  17:35  Hellion x2  
  197  17:39  Cyclone  
  197  17:51  Planetary Fortress  
  197  17:52  Orbital Command  
  194  18:09  Cyclone x2  
  194  18:10  Hellion  
  194  18:12  Viking x5  
  198  18:19  Cyclone x2  
  158  18:32  Barracks  
  158  18:33  Barracks x2  
  143  18:41  Cyclone x2  
  143  18:42  Viking x4  
  143  18:46  Raven  
  158  18:51  Starport  
  158  18:53  Starport  
  158  18:58  Cyclone  
  158  18:59  Cyclone  
  133  19:11  Hellion  
  133  19:12  Viking  
  133  19:13  Cyclone x2  
  133  19:14  Viking  
  132  19:25  Viking  
Tags
 
Add a new tag
Caveats
  • Supply blocks, unpowered buildings, or Contaminate may cause inaccurate times.
  • Supply counts are checked every 10 seconds.